 Dungeon Crawl Stone Soup version 0.19.1 (webtiles) character file.

54 esteth the Conjurer (level 3, 0/24 HPs)
             Began as a Demonspawn Conjurer on Dec 12, 2016.
             Succumbed to an adder's poison
             ... on level 2 of the Dungeon.
             The game lasted 00:07:28 (1816 turns).

esteth the Conjurer (Demonspawn Conjurer)           Turns: 1816, Time: 00:07:29

Health: 0/24       AC:  2    Str:  7 (8)  XL:     3   Next: 66%
Magic:  1/7        EV: 17    Int: 20 (22) God:
Gold:   53         SH:  0    Dex: 17 (18) Spells: 1 memorised, 7 levels left

rFire  . . .     SeeInvis .     f - +2 dagger (drain)
rCold  . . .     Gourm    .     g - +0 robe
rNeg   . . .     Faith    .     (no shield)
rPois  .         Spirit   .     (no helmet)
rElec  .         Reflect  .     (no cloak)
rCorr  .         Harm     .     (no gloves)
MR     .....                    (no boots)
Stlth  +++.......               (no amulet)
                                (no ring)
                                (no ring)

@: brilliant, agile, lethally poisoned (0 -> -8)
A: powered by pain 1
a: no special abilities


You were on level 2 of the Dungeon.
You were not hungry.

You visited 1 branch of the dungeon, and saw 2 of its levels.

You collected 53 gold pieces.

Inventory:

Hand Weapons
 f - a +2 dagger of draining (weapon)
Armour
 a - a +0 robe
 g - a +0 robe (worn)
Jewellery
 j - a cursed -2 ring of dexterity {unknown}
Scrolls
 d - 3 scrolls of identify {unknown}
 e - 2 scrolls of enchant weapon {unknown}
 k - a scroll of fog {unknown}
Potions
 i - a potion of mutation {unknown}
Books
 b - a book of Conjurations

   Spells                             Type                      Level
   a - Magic Dart                     Conjuration                  1
   b - Searing Ray                    Conjuration                  2
   c - Dazzling Spray                 Conjuration/Hexes            3
   d - Fulminant Prism                Conjuration/Hexes            4
   e - Iskenderun's Mystic Blast      Conjuration                  4
   f - Iskenderun's Battlesphere      Conjuration/Charms           5
Comestibles
 h - a beef jerky


   Skills:
 - Level 1.7 Dodging
 - Level 1.7 Stealth
 * Level 3.4 Spellcasting
 + Level 4.3 Conjurations


You had 7 spell levels left.
You knew the following spells:

 Your Spells              Type           Power        Failure   Level  Hunger
a - Magic Dart            Conj           ####         1%          1    None


Dungeon Overview and Level Annotations

Branches:
Dungeon (2/15)

Altars:
Okawaru


Innate Abilities, Weirdness & Mutations

You sometimes gain a little power by taking damage.


Message History

You feel sick. The adder misses you.
It was a potion of brilliance.
You feel clever all of a sudden.
* * * LOW HITPOINT WARNING * * *
You feel sick. The adder barely misses you.
Casting: Magic Dart
Confirm with . or Enter, or press ? or * to list all spells.
Aiming: Magic Dart
Press: ? - help, Shift-Dir - straight line, f/p - adder
Aim: an adder (heavily wounded)
The magic dart hits the adder.
You kill the adder!
* * * LOW HITPOINT WARNING * * *
You feel sick.
It was a potion of degeneration.
There was something very wrong with that liquid.
You feel weakened.
You feel dopey.
You feel clumsy.
It was a potion of agility.
You feel agile all of a sudden.
You die...

..#......#.....#.###
#.#......'..##.....#
#####.#......#.........#
.......).....'....>....#
..###.#......#....####.#
.## #.#......#.......#.#
......#...........#.##.#
.######......#..###.##.#
.# ########..@......# ..
#...##....+ ###
#...###...# #...# #..$#
#...# #.........#
#................
#..####.........# #..
#...####### #...#


There were no monsters in sight!

Vanquished Creatures
  2 adders
  A dart slug (D:1)
  A leopard gecko (D:1)
  A ball python (D:1)
  A giant cockroach (D:1)
  8 goblins (D:1)
  3 hobgoblins (D:1)
  4 kobolds
  3 bats
  2 frilled lizards
  5 rats
31 creatures vanquished.

Notes
Turn   | Place    | Note
-------+----------+-------------------------------------------
     0 | D:1      | esteth the Demonspawn Conjurer began the quest for the Orb.
     0 | D:1      | Reached XP level 1. HP: 13/13 MP: 3/3
    79 | D:1      | Found an iron altar of Okawaru.
   439 | D:1      | Gained mutation: You sometimes gain a little power by taking damage. [demonic ancestry]
   439 | D:1      | Reached XP level 2. HP: 19/19 MP: 1/5
  1265 | D:1      | Reached XP level 3. HP: 13/24 MP: 1/7
  1814 | D:2      | HP: 1/24 [poisoned by an adder]
  1816 | D:2      | Succumbed to an adder's poison

Skill      XL: |  1  2 |
---------------+-------+-----
Spellcasting   | 3 |  3.4
Dodging        | |  1.7
Stealth        | |  1.7
Conjurations   | |  4.3

Action                   || total
-------------------------++-------
Melee: Unarmed           ||     4
 Cast: Magic Dart        ||    63
  Use: Potion            ||     3
  Eat: Bread ration      ||     1
Armor: Robe              ||     4
Dodge: Dodged            ||    17
